 Dungeon Crawl Stone Soup version 0.30-a0-939-gc8157cb160 (webtiles) character file.

Game seed: 4254490417076342661

1584 112233 the Thaumaturge (level 8, -5/52 HPs)
             Began as a Demonspawn Conjurer on Mar 25, 2023.
             Was a Follower of Makhleb.
             Slain by an orc warrior
             ... wielding a +0 glaive
              (14 damage)
             ... on level 6 of the Dungeon.
             The game lasted 00:05:35 (6599 turns).

112233 the Thaumaturge (Demonspawn Conjurer)        Turns: 6599, Time: 00:05:35

Health: -5/52      AC:  3    Str:  9    XL:     8   Next: 61%
Magic:  8/21       EV: 12    Int: 21    God:    Makhleb [*.....]
Gold:   279        SH:  4    Dex: 11    Spells: 22/26 levels left

rFire   . . .      SeeInvis +    b - +2 short sword (speed)
rCold   . . .      Faith    .    (no shield)
rNeg    . . .      Spirit   .    a - +0 robe
rPois   +          Reflect  .    (helmet restricted)
rElec   .          Rampage  .    (no cloak)
rCorr   .                        v - +0 pair of gloves
Will    .....                    (no boots)
Stlth   ++                       (no amulet)
HPRegen 0.28/turn                c - ring of poison resistance
MPRegen 0.17/turn                d - ring of see invisible

@: brilliant
A: antennae 1, condensation shield, demonic magic 1, weakness stinger 2
a: Renounce Religion


You were on level 6 of the Dungeon.
You worshipped Makhleb.
Makhleb was aware of your devotion.
You visited 1 branch of the dungeon, and saw 6 of its levels.

You collected 279 gold pieces.

Inventory:

Hand Weapons
 b - a +2 short sword of speed (weapon)
 s - a +0 dagger
 C - a +0 sling of freezing
 G - a +2 short sword of draining
Armour
 a - a +0 robe (worn)
 u - a +2 buckler
 v - a +0 pair of gloves (worn)
 B - a +0 helmet
Jewellery
 c - a ring of poison resistance (left hand)
 d - a ring of see invisible (right hand)
 e - a ring of protection from fire
 y - a ring of protection from cold
 F - a +6 ring of intelligence
Wands
 w - a wand of iceblast (8)
Scrolls
 g - a scroll of poison {unknown}
 h - 5 scrolls of teleportation {unknown}
 i - a scroll of fog {unknown}
 k - 4 scrolls of identify {unknown}
 m - 2 scrolls of noise {unknown}
 o - a scroll of amnesia {unknown}
 t - a scroll of fear {unknown}
 A - a scroll of enchant armour {unknown}
 D - a scroll of blinking {unknown}
Potions
 j - 2 potions of attraction {unknown}
 l - 4 potions of curing {unknown}
 n - a potion of degeneration {unknown}
 p - a potion of lignification {unknown}
 q - 2 potions of heal wounds {unknown}
 r - a potion of ambrosia {unknown}
 x - a potion of mutation {unknown}
 z - a potion of might {unknown}
 E - 2 potions of invisibility {unknown}


   Skills:
 - Level 1.8 Dodging
 - Level 1.9 Stealth
 + Level 9.7 Spellcasting
 + Level 5.1 Conjurations


You had 22 spell levels left.
You knew the following spells:

 Your Spells              Type           Power      Damage    Failure   Level
a - Magic Dart            Conj           100%       1d8       1%          1
b - Searing Ray           Conj           94%        2d7       1%          2
c - Kiss of Death         Conj/Necr      100%       2d13      2%          1

Your spell library contained the following spells:

 Spells                   Type           Power      Damage    Failure   Level
 Dazzling Flash           Conj/Hex       62%        N/A       7%          3
 Cigotuvi's Dreadful Rot  Necr/Pois/Air  30%        N/A       10%         2
 Poisonous Vapours        Pois/Air       30%        N/A       10%         2
 Mephitic Cloud           Conj/Pois/Air  26%        N/A       10%         3
 Ignite Poison            Fire/Tmut/Pois 15%        N/A       21%         3
 Fulminant Prism          Conj/Hex       15%        3d10      22%         4
 Iskenderun's Mystic Bla  Conj/Tloc      31%        2d8       22%         4
 Sticky Flame             Conj/Fire      31%        2d5       22%         4
 Iskenderun's Battlesphe  Conj           47%        2d10      22%         5
 Fireball                 Conj/Fire      15%        3d8       54%         5
 Conjure Ball Lightning   Conj/Air       15%        3x3d6     98%         6
 Orb of Destruction       Conj           23%        9d8       100%        7
 Ignition                 Fire           7%         3d5       100%        8


Dungeon Overview and Level Annotations

Branches:
Dungeon (6/15)             Temple (0/1) D:5

Altars:
Makhleb
Okawaru


Innate Abilities, Weirdness & Mutations

You have a pair of small antennae on your head.
A meltable shield of frost defends you. (SH +4)
Spells you cast may paralyse adjacent enemies.
You have a tail ending in a sharp stinger.


Message History

Aiming: Searing Ray (safe; 1% risk of failure)
Press: ? - help, Shift-Dir - straight line, f/p - orc warrior
Aim: an orc warrior, wielding a +0 glaive and wearing a +0 chain mail (moderately wounded, 77% to hit)
The searing ray hits the orc warrior.
The orc warrior is moderately wounded. (Press . to maintain the ray.) Malevolent energies surge around you.
You block the orc warrior's attack.
The searing ray hits the orc warrior but does no damage.
The orc warrior is moderately wounded.
The orc shouts!
The orc warrior hits you from afar with a +0 glaive!
The searing ray hits the orc warrior.
The orc warrior is heavily wounded.
The orc warrior closely misses you.
The searing ray hits the orc warrior.
The orc warrior is heavily wounded.
You finish channelling your searing ray.
The orc warrior closely misses you.
Unknown command.
Casting: Searing Ray (safe; 1% risk of failure)
Confirm with . or Enter, or press ? or * to list all spells.
Aiming: Searing Ray (safe; 1% risk of failure)
Press: ? - help, Shift-Dir - straight line, f/p - orc warrior
Aim: an orc warrior, wielding a +0 glaive and wearing a +0 chain mail (heavily wounded, 77% to hit)
The searing ray hits the orc warrior.
The orc warrior is heavily wounded. (Press . to maintain the ray.) Malevolent energies surge around you.
The orc warrior hits you from afar with a +0 glaive!
The searing ray hits the orc warrior.
The orc warrior is severely wounded.
The searing ray hits the orc.
The orc is severely wounded.
The orc warrior hits you from afar with a +0 glaive!
* * * LOW HITPOINT WARNING * * *
It was a potion of brilliance.
You feel clever all of a sudden.
The orc drinks a potion.
The orc goes berserk!
The orc warrior hits you from afar with a +0 glaive!
You die...

##.## ##+## ##...##
##...## ##.....##
##.....# #.......##
##.......
.####.......####........
.......o.......'........
.######o#...####........
#.##.## ##....... #@####
##.....# #.........#
##...## #.###>###.#
##+## #.# #.# # #$# #.#
# #.. ####.### ###
###....... .........#
###.#.....


You could see an orc warrior and an orc (berserk).

Vanquished Creatures
  Pikel (D:5)
  A sky beast (D:6)
  A kobold brigand (D:6)
  A lemure (D:5)
  2 scorpions (D:5)
  4 wights (D:5)
  5 hounds
  A sleepcap (D:5)
  3 iguanas
  5 orc wizards
  Robin (D:4)
  11 adders
  An ufetubus (D:5)
  4 worms (D:5)
  3 dart slugs
  12 orcs
  5 bats
  6 endoplasms
  3 giant cockroaches
  13 goblins
  12 hobgoblins
  4 jackals (D:3)
  2 quokkas (D:2)
  4 ball pythons
  4 frilled lizards
  7 kobolds
  A rat (D:3)
117 creatures vanquished.

Notes
Turn   | Place    | Note
-------+----------+-------------------------------------------
     0 | D:1      | 112233 the Demonspawn Conjurer began the quest for the Orb.
     0 | D:1      | Reached XP level 1. HP: 13/13 MP: 3/3
   360 | D:1      | Discovered your monstrous ancestry.
   360 | D:1      | Gained mutation: You have a small tail. [demonic ancestry]
   360 | D:1      | Reached XP level 2. HP: 15/19 MP: 0/5
  1232 | D:2      | Reached skill level 3 in Spellcasting
  1235 | D:2      | Learned a level 2 spell: Searing Ray
  1265 | D:2      | Gained mutation: Spells you cast may paralyse adjacent
                  | enemies. [demonic ancestry]
  1265 | D:2      | Reached XP level 3. HP: 24/24 MP: 3/7
  1713 | D:2      | Found a faded altar of an unknown god.
  2281 | D:3      | Reached skill level 4 in Spellcasting
  2281 | D:3      | Reached XP level 4. HP: 30/30 MP: 6/10
  2614 | D:3      | Got the Compilation of Hurting
  2753 | D:3      | Reached XP level 5. HP: 20/35 MP: 0/12
  2897 | D:3      | Found a burning altar of Makhleb.
  3015 | D:3      | Became a worshipper of Makhleb the Destroyer
  3112 | D:3      | Reached skill level 5 in Spellcasting
  3760 | D:4      | Noticed Robin
  4182 | D:4      | Killed Robin
  4369 | D:4      | Gained mutation: You have a tail ending in a sharp stinger.
                  | [demonic ancestry]
  4369 | D:4      | Reached XP level 6. HP: 41/41 MP: 9/14
  4569 | D:5      | Entered Level 5 of the Dungeon
  4579 | D:5      | Reached skill level 6 in Spellcasting
  4660 | D:5      | Found a staircase to the Ecumenical Temple.
  5090 | D:5      | Reached skill level 7 in Spellcasting
  5090 | D:5      | Gained mutation: A meltable shield of frost defends you.
                  | (SH +4) [demonic ancestry]
  5090 | D:5      | Reached XP level 7. HP: 36/46 MP: 7/17
  5093 | D:5      | Learned a level 1 spell: Kiss of Death
  5568 | D:5      | Noticed Pikel
  5591 | D:5      | Killed Pikel
  5592 | D:5      | Reached skill level 9 in Spellcasting
  5592 | D:5      | Gained mutation: You have a pair of small antennae on your
                  | head. [demonic ancestry]
  5592 | D:5      | Reached XP level 8. HP: 13/52 MP: 1/21
  5865 | D:5      | Reached * piety under Makhleb
  6408 | D:6      | Reached skill level 5 in Conjurations
  6412 | D:6      | Found an iron altar of Okawaru.
  6599 | D:6      | Slain by an orc warrior

Illustrated notes

Levels and vault maps discovered:
D:1:      lemuel_arrival_cross, layout_loops_cross, serial_rivers,
          chequers_serial_rivers_micro_b, chequers_serial_rivers_micro_a,
          chequers_serial_rivers_micro_a, chequers_serial_rivers_marsh
D:2:      layout_loops_corners, shapermc_ecumenical_altar_venn
D:3:      wander_river, layout_loops_corners, lightli_temple_of_fire
D:4:      layout_basic, uniq_robin
D:5:      layout_basic, temple_fountains, cheibrodos_sewer_entry_bend,
          uniq_pikel
D:6:      layout_loops_corners, kennysheep_okawaru_gauntlet

Skill      XL: |  1  2  3  4  5  6  7  8 |
---------------+-------------------------+-----
Spellcasting   | 3 4 5 7 9 |  9.7
Conjurations   | 5 |  5.1
Dodging        | |  1.8
Stealth        | |  1.9

Action                     |  1- 3 |  4- 6 |  7- 9 || total
---------------------------+-------+-------+-------++-------
  Melee: Unarmed           |     3 |    11 |       ||    14
         Tailslap          |       |     1 |     4 ||     5
         Dagger            |       |     1 |    20 ||    21
   Cast: Magic Dart        |    72 |   107 |    59 ||   238
         Searing Ray       |       |    13 |    23 ||    36
    Use: Potion            |       |       |     2 ||     2
   Stab: Paralysed         |       |     8 |    10 ||    18
 Armour: Robe              |     2 |     7 |     7 ||    16
  Dodge: Dodged            |     2 |    16 |    28 ||    46
  Block: Other             |       |       |     5 ||     5

Table legend: (Time is in decaauts)
 A = Elapsed time spent in this place.
 B = Non-inter-level travel time spent in this place.
 C = Inter-level travel time spent in this place.
 D = Time resting spent in this place.
 E = Time spent auto-exploring this place.
 F = Levels seen in this place.
 G = Mean time per level.
                   A        B        C        D        E       F      G
               +--------+--------+--------+--------+--------+-----+--------+
         Total |   6632 |   6368 |    264 |    438 |   5285 |   6 | 1105.3 |
       Dungeon |   6632 |   6368 |    264 |    438 |   5285 |   6 | 1105.3 |
               +--------+--------+--------+--------+--------+-----+--------+

Top non-repeatable levels by time:
     D:5: 1808 daAuts
     D:3: 1650 daAuts
     D:2: 1200 daAuts
     D:1: 984 daAuts
     D:4: 761 daAuts
     D:6: 226 daAuts
